 Dungeon Crawl Stone Soup version 0.24.0-1-gfbc8707 (webtiles) character file.

Game seed: 7116798090404269444, levelgen mode: deterministic

254 sanboga the Chopper (level 6, -9/58 HPs)
             Began as a Gargoyle Berserker on Nov 6, 2019.
             Was a Priest of Trog.
             Mangled by an orc warrior
             ... wielding a +0 battleaxe
              (11 damage)
             ... on level 3 of the Dungeon.
             The game lasted 00:04:52 (1957 turns).

sanboga the Chopper (Gargoyle Berserker)            Turns: 1957, Time: 00:04:52

Health: -9/58      AC: 14    Str: 28    XL:     6   Next: 15%
Magic:  6/6        EV:  9    Int:  7    God:    Trog [***...]
Gold:   106        SH:  0    Dex:  9    Spells: 5/5 levels left

rFire    . . .     SeeInvis .   a - +1 hand axe
rCold    . . .     Gourm    .   (no shield)
rNeg     + . .     Faith    .   d - +1 chain mail
rPois    ∞         Spirit   .   (no helmet)
rElec    +         Reflect  .   (no cloak)
rCorr    .         Harm     .   (no gloves)
MR       .....                  (no boots)
Stlth    ..........             (no amulet)
HPRegen  0.19/turn              (no ring)
MPRegen  0.10/turn              (no ring)

@: berserking, very quick
A: negative energy resistance 1, electricity resistance, unbreathing,
petrification resistance, rot immunity, AC +4
a: Berserk, Trog's Hand, Renounce Religion


You were on level 3 of the Dungeon.
You worshipped Trog.
Trog was most pleased with you.
You were very hungry.

You visited 1 branch of the dungeon, and saw 4 of its levels.

You collected 106 gold pieces.

Inventory:

Hand Weapons
 a - a +1 hand axe (weapon)
Armour
 d - a +1 chain mail (worn)
Wands
 n - a wand of digging (6)
Scrolls
 b - 2 scrolls of remove curse
 e - 2 scrolls of teleportation
 h - a scroll of enchant weapon
Potions
 g - 2 potions of curing
 i - a potion of haste
 j - 2 potions of cancellation
 k - a potion of heal wounds {unknown}
 l - a potion of magic {unknown}
 m - a potion of brilliance {unknown}
Comestibles
 c - 8 rations
 f - 12 chunks of flesh


   Skills:
 + Level 4.6 Fighting
 * Level 4.7 Axes
 + Level 3.8 Armour
 - Level 1.5 Dodging


You had 5 spell levels left.
You didn't know any spells.
Your spell library was empty.

Dungeon Overview and Level Annotations

Branches:
Dungeon (4/15)
 Temple: D:4-7

Altars:
The Shining One

Shops:
D:4 [


Innate Abilities, Weirdness & Mutations

You are resistant to torment.
Your stone body is resilient. (AC +4)
You are immune to poison.
You resist negative energy. (rN+)
You are resistant to electric shocks. (rElec)
You can survive without breathing.
You are immune to petrification.
You are immune to rotting.


Message History

The orc warrior is lightly wounded.
The gnoll hits you but does no damage.
You slash the orc warrior!
The orc warrior is heavily wounded.
The orc warrior hits you with a +0 battleaxe!
* * * LOW HITPOINT WARNING * * *
The gnoll hits you from afar with a +0 spear.
* * * LOW HITPOINT WARNING * * *
You slash the orc warrior!
The orc warrior is almost dead.
The gnoll hits you but does no damage.
The orc warrior hits you with a +0 battleaxe!
* * * LOW HITPOINT WARNING * * *
You closely miss the orc warrior.
The orc warrior is almost dead.
You completely miss the orc warrior.
The orc warrior is almost dead.
The gnoll hits you but does no damage.
The orc warrior hits you with a +0 battleaxe!
You die...

#.# .# #.# #.#
#.# #.# #.# #.#
#.# #.# #<# #.#
########.###.##
........)..o..#
########)###@.#
#.# #).# #.#
#g.# #<# #..#
... ...# ###
.... ##.# .#


You could see an orc warrior and a gnoll.

Vanquished Creatures
  An orc priest (D:3)
  An iguana (D:4)
  2 worker ants (D:4)
  7 gnolls
  An ooze (D:2)
  A worm (D:2)
  2 dart slugs
  2 leopard geckos
  An orc (D:3)
  2 ball pythons
  8 bats
  4 giant cockroaches
  9 goblins
  7 hobgoblins
  10 jackals
  4 frilled lizards
  7 kobolds
  6 rats (D:1)
75 creatures vanquished.

Notes
Turn   | Place    | Note
-------+----------+-------------------------------------------
     0 | D:1      | sanboga the Gargoyle Berserker began the quest for the Orb.
     0 | D:1      | Reached XP level 1. HP: 14/14 MP: 1/1
    94 | D:1      | Reached XP level 2. HP: 9/19 MP: 2/2
   340 | D:1      | Reached XP level 3. HP: 17/23 MP: 3/3
   502 | D:1      | Found a glowing golden altar of the Shining One.
   581 | D:1      | Reached ** piety under Trog
   926 | D:2      | Reached XP level 4. HP: 28/29 MP: 4/4
   972 | D:2      | You fall into a shaft and drop 2 floors!
  1055 | D:4      | Found Kunemeitt's Antique Armour Shop.
  1176 | D:4      | Reached XP level 5. HP: 13/33 MP: 5/5
  1716 | D:2      | Reached *** piety under Trog
  1928 | D:3      | Reached XP level 6. HP: 31/39 MP: 6/6
  1946 | D:3      | Noticed an orc warrior
  1955 | D:3      | HP: 2/58 [orc warrior/+0 battleaxe (11)]
  1957 | D:3      | Mangled by an orc warrior

Levels and vault maps discovered:
D:1:      ebering_hopf_link, layout_basic, tso_metal_star
D:2:      layout_rooms, first_ration, st_stairs_9
D:3:      layout_loops_ring, chequers_ecumenical_altar_simple
D:4:      layout_layer_cave, serial_shops, nicolae_shop_window_shopping,
          wad_floor_pattern_1, cheibrodos_gnoll_hut

Skill      XL: |  1  2  3  4 |
---------------+-------------+-----
Axes           | 3 4 |  4.7
Armour         | 3 |  3.8
Fighting       | 4 |  4.6
Dodging        | |  1.5

Action                   |  1- 3 |  4- 6 || total
-------------------------+-------+-------++-------
Melee: Hand axe          |   122 |   167 ||   289
Invok: Berserk           |     1 |     2 ||     3
  Use: Scroll            |     5 |     3 ||     8
       Potion            |       |     1 ||     1
  Eat: Chunk             |       |     5 ||     5
Armor: Chain mail        |   109 |   110 ||   219
       Animal skin       |     3 |       ||     3
Dodge: Dodged            |    69 |    68 ||   137
